PCL
ROUND ROCK EXPRESS @ COLORADO SPRINGS SKY SOX
04/26/2099
 
TOP OF THE 1ST
Round Rock Express batting - Pitching for Colorado Springs Sky Sox : RHP Justin Baines
Pitching: RHP Justin Baines
Batting: RHB Phil Roth 0-0: Fly out, F8 (Line Drive, 8LD, EV 83.8 MPH)
Batting: LHB Jonathan Staib 0-0: Ball
1-0: Ball
2-0: Fly out, F8 (Flyball, 8LS, EV 80.6 MPH)
Batting: RHB Todd Peters 0-0: Foul Ball, location: 9LMF
0-1: Ball
1-1: Swinging Strike
1-2: Ground out 6-3 (Groundball, 6, EV 84.4 MPH)
Top of the 1st over - 0 runs, 0 hits, 0 errors, 0 left on base; Round Rock 0 - Colorado Springs 0
BOTTOM OF THE 1ST
Colorado Springs Sky Sox batting - Pitching for Round Rock Express : RHP Grant Moseley
Pitching: RHP Grant Moseley
Batting: RHB Kevin Cannon 0-0: Called Strike
0-1: Swinging Strike
0-2: Foul Ball, location: 5F
0-2: Ball
1-2: Foul Ball, location: 2F
1-2: Ground out 5-3 (Groundball, 56S, EV 82.5 MPH)
Batting: LHB Ernie Vavro 0-0: Ground out 4-3 (Groundball, 4, EV 100.6 MPH)
Batting: RHB Joe Hardie 0-0: Ball
1-0: Ball
2-0: Called Strike
2-1: Ball
3-1: SINGLE (Groundball, 4MD, EV 99.4 MPH)
Batting: RHB John Gallegos 0-0: Called Strike
0-1: Ball
1-1: Called Strike
1-2: Strikes out swinging
Bottom of the 1st over - 0 runs, 1 hit, 0 errors, 1 left on base; Round Rock 0 - Colorado Springs 0
TOP OF THE 2ND
Round Rock Express batting - Pitching for Colorado Springs Sky Sox : RHP Justin Baines
Batting: LHB Tyler Petry 0-0: Ball
1-0: Ball
2-0: Ball
3-0: Called Strike
3-1: Fly out, F8 (Flyball, 8RD, EV 97.5 MPH)
Batting: RHB Kevin Phillips 0-0: Ball
1-0: Ball
2-0: Called Strike
2-1: Foul Ball, location: 2LF
2-2: SINGLE (Flyball, 6D, EV 110.6 MPH)
Batting: LHB Marquis Newkirk 0-0: Called Strike
0-1: Called Strike
0-2: Foul Ball, location: 2F
0-2: SINGLE (Line Drive, 7LS, EV 93.1 MPH)
Kevin Phillips to second
Batting: SHB Hugo Rodriguez 0-0: Ball
1-0: Ball
2-0: Called Strike
2-1: Grounds into double play, U5-3 (Groundball, 5L, EV 80.0 MPH)
Top of the 2nd over - 0 runs, 2 hits, 0 errors, 1 left on base; Round Rock 0 - Colorado Springs 0
BOTTOM OF THE 2ND
Colorado Springs Sky Sox batting - Pitching for Round Rock Express : RHP Grant Moseley
Batting: SHB Roberto Lima 0-0: Foul Ball, location: 2F
0-1: Swinging Strike
0-2: Ball
1-2: Ball
2-2: Strikes out swinging
Batting: LHB Ivan Cano 0-0: Swinging Strike
0-1: SOLO HOME RUN (Flyball, 89XD, EV 98.1 MPH), Distance : 395 ft
Batting: LHB Sandy Amador 0-0: Called Strike
0-1: Ball
1-1: Foul Ball, location: 9LSF
1-2: SOLO HOME RUN (Flyball, 7D, EV 100.0 MPH), Distance : 377 ft
Batting: RHB Billy Weil 0-0: Ball
1-0: Called Strike
1-1: Swinging Strike
1-2: Strikes out swinging
Batting: SHB Juan Velasquez 0-0: Ball
1-0: Ball
2-0: Ball
3-0: DOUBLE (Flyball, 8LXD, EV 103.1 MPH)
Batting: RHB Kevin Cannon 0-0: Ball
1-0: Ground out 6-3 (Groundball, 6, EV 85.0 MPH)
Bottom of the 2nd over - 2 runs, 3 hits, 0 errors, 1 left on base; Round Rock 0 - Colorado Springs 2
TOP OF THE 3RD
Round Rock Express batting - Pitching for Colorado Springs Sky Sox : RHP Justin Baines
Batting: RHB Matt Rosebrock 0-0: Ball
1-0: Ball
2-0: Foul Ball, location: 3SF
2-1: Ball
3-1: Foul Ball, location: 9LMF
3-2: Fly out, F9 (Flyball, 9, EV 81.9 MPH)
Batting: LHB Stephen Barton 0-0: Foul Ball, location: 7LDF
0-1: Foul Ball, location: 2F
0-2: Foul Ball, location: 25FF
0-2: Foul Ball, location: 2F
0-2: Ball
1-2: Foul Ball, location: 3FF
1-2: Strikes out swinging
Batting: RHB Phil Roth 0-0: Ball
1-0: Called Strike
1-1: Foul Ball, location: 25FF
1-2: Ball
2-2: Foul Ball, location: 3FF
2-2: Foul Ball, location: 3DF
2-2: Strikes out swinging
Top of the 3rd over - 0 runs, 0 hits, 0 errors, 0 left on base; Round Rock 0 - Colorado Springs 2
BOTTOM OF THE 3RD
Colorado Springs Sky Sox batting - Pitching for Round Rock Express : RHP Grant Moseley
Batting: LHB Ernie Vavro 0-0: Ball
1-0: Bunt for hit to 15 - play at first, batter OUT! 1-3
Batting: RHB Joe Hardie 0-0: Ball
1-0: Ball
2-0: Called Strike
2-1: Foul Ball, location: 2F
2-2: Ball
3-2: Strikes out swinging
Batting: RHB John Gallegos 0-0: Ball
1-0: Ball
2-0: Ball
3-0: Ground out 4-3 (Groundball, 4S, EV 90.0 MPH)
Bottom of the 3rd over - 0 runs, 0 hits, 0 errors, 0 left on base; Round Rock 0 - Colorado Springs 2
TOP OF THE 4TH
Round Rock Express batting - Pitching for Colorado Springs Sky Sox : RHP Justin Baines
Batting: LHB Jonathan Staib 0-0: Ball
1-0: Foul Ball, location: 7LSF
1-1: Foul Ball, location: 2F
1-2: Strikes out swinging
Batting: RHB Todd Peters 0-0: Foul Ball, location: 2RF
0-1: Swinging Strike
0-2: Ball
1-2: Strikes out swinging
Batting: LHB Tyler Petry 0-0: Swinging Strike
0-1: Swinging Strike
0-2: Strikes out swinging
Top of the 4th over - 0 runs, 0 hits, 0 errors, 0 left on base; Round Rock 0 - Colorado Springs 2
BOTTOM OF THE 4TH
Colorado Springs Sky Sox batting - Pitching for Round Rock Express : RHP Grant Moseley
Batting: SHB Roberto Lima 0-0: Ball
1-0: Called Strike
1-1: Fly out, F7 (Flyball, 7LM, EV 80.6 MPH)
Batting: LHB Ivan Cano 0-0: Fly out, F7 (Flyball, 7, EV 93.8 MPH)
Batting: LHB Sandy Amador 0-0: SINGLE (Groundball, 4MD, EV 97.5 MPH)
Batting: RHB Billy Weil 0-0: Ball
1-0: Ball
2-0: Foul Ball, location: 9LSF
2-1: Ground out 6-3 (Groundball, 6S, EV 70.6 MPH)
Bottom of the 4th over - 0 runs, 1 hit, 0 errors, 1 left on base; Round Rock 0 - Colorado Springs 2
TOP OF THE 5TH
Round Rock Express batting - Pitching for Colorado Springs Sky Sox : RHP Justin Baines
Batting: RHB Kevin Phillips 0-0: Called Strike
0-1: Called Strike
0-2: Ball
1-2: DOUBLE (Groundball, 3L, EV 108.8 MPH)
Batting: LHB Marquis Newkirk 0-0: Ball
1-0: Called Strike
1-1: Foul Ball, location: 7LDF
1-2: Strikes out swinging, 2-3 out at first.
Batting: SHB Hugo Rodriguez 0-0: Called Strike
0-1: DOUBLE (Flyball, 89XD, EV 104.4 MPH)
Kevin Phillips scores
Batting: RHB Matt Rosebrock 0-0: Called Strike
0-1: Ball
1-1: Ball
2-1: Foul Ball, location: 9LMF
2-2: SINGLE (Flyball, 89S, EV 83.8 MPH)
Hugo Rodriguez to third
Batting: LHB Stephen Barton 0-0: Grounds into double play, 5-4-3 (Groundball, 56, EV 90.0 MPH)
Top of the 5th over - 1 run, 3 hits, 0 errors, 1 left on base; Round Rock 1 - Colorado Springs 2
BOTTOM OF THE 5TH
Colorado Springs Sky Sox batting - Pitching for Round Rock Express : RHP Grant Moseley
Batting: SHB Juan Velasquez 0-0: Fly out, F8 (Flyball, 8RS, EV 88.1 MPH)
Batting: RHB Kevin Cannon 0-0: Ball
1-0: Ground out 6-3 (Groundball, 6, EV 86.9 MPH)
Batting: LHB Ernie Vavro 0-0: SINGLE (Groundball, 4, EV 79.4 MPH)
Batting: RHB Joe Hardie 0-0: Called Strike
0-1: Called Strike
0-2: Fly out, F8 (Flyball, 8RM, EV 94.4 MPH)
Bottom of the 5th over - 0 runs, 1 hit, 0 errors, 1 left on base; Round Rock 1 - Colorado Springs 2
TOP OF THE 6TH
Round Rock Express batting - Pitching for Colorado Springs Sky Sox : RHP Justin Baines
Batting: RHB Phil Roth 0-0: Ball
1-0: Ground out 6-3 (Groundball, 6, EV 100.0 MPH)
Batting: LHB Jonathan Staib 0-0: TRIPLE (Line Drive, 89XD, EV 110.6 MPH)
Batting: RHB Todd Peters 0-0: Called Strike
0-1: Fly out, F8 (Flyball, 8LXD, EV 103.8 MPH)
Runner from 3rd tags up, SCORES, no throw by CF
Batting: LHB Tyler Petry 0-0: Called Strike
0-1: SOLO HOME RUN (Flyball, 9D, EV 96.9 MPH), Distance : 390 ft
Batting: RHB Kevin Phillips 0-0: Called Strike
0-1: Fly out, F5 (Line Drive, 5L, EV 71.9 MPH)
Top of the 6th over - 2 runs, 2 hits, 0 errors, 0 left on base; Round Rock 3 - Colorado Springs 2
BOTTOM OF THE 6TH
Colorado Springs Sky Sox batting - Pitching for Round Rock Express : RHP Grant Moseley
Batting: RHB John Gallegos 0-0: Foul Ball, location: 2F
0-1: Ball
1-1: Ball
2-1: Fly out, F8 (Flyball, 8LM, EV 96.9 MPH)
Batting: SHB Roberto Lima 0-0: Swinging Strike
0-1: Foul Ball, location: 7LSF
0-2: Ground out 3-1 (Groundball, 34, EV 105.6 MPH)
Batting: LHB Ivan Cano 0-0: Called Strike
0-1: Foul Ball, location: 2F
0-2: Foul Ball, location: 2F
0-2: Ball
1-2: Ground out 6-3 (Groundball, 4M, EV 87.5 MPH)
Bottom of the 6th over - 0 runs, 0 hits, 0 errors, 0 left on base; Round Rock 3 - Colorado Springs 2
TOP OF THE 7TH
Round Rock Express batting - Pitching for Colorado Springs Sky Sox : RHP Justin Baines
Batting: LHB Marquis Newkirk 0-0: Foul Ball, location: 5FF
0-1: SINGLE (Flyball, 3D, EV 96.9 MPH)
Batting: SHB Hugo Rodriguez 0-0: Ball
1-0: Called Strike
1-1: Fly out, F8 (Flyball, 89M, EV 91.9 MPH)
Batting: RHB Matt Rosebrock 0-0: Ball
1-0: Ball
2-0: Foul Ball, location: 3SF
2-1: Ball
3-1: Base on Balls
Marquis Newkirk to second
Batting: LHB Stephen Barton 0-0: Ball
1-0: Fly out, F6 (Popup, 6M, EV 75.6 MPH)
Batting: RHB Phil Roth 0-0: Called Strike
0-1: Swinging Strike
0-2: Fly out, F9 (Flyball, 9, EV 86.3 MPH)
Top of the 7th over - 0 runs, 1 hit, 0 errors, 2 left on base; Round Rock 3 - Colorado Springs 2
BOTTOM OF THE 7TH
Colorado Springs Sky Sox batting - Pitching for Round Rock Express : RHP Grant Moseley
Batting: LHB Sandy Amador 0-0: Hit by Pitch
Pitching: RHP Mike Spearman
Batting: RHB Billy Weil 0-0: Ball
1-0: Called Strike
1-1: Called Strike
1-2: Ball
2-2: Foul Ball, location: 5FF
2-2: DOUBLE (Line Drive, 78M, EV 98.8 MPH)
Sandy Amador to third
Runner from 3rd tries for Home, SAFE, throw by LF to home
Batting: SHB Juan Velasquez 0-0: Ball
1-0: Called Strike
1-1: Ball
2-1: Ball
3-1: Base on Balls
Batting: RHB Kevin Cannon 0-0: Ball
1-0: Foul Ball, location: 25F
1-1: Ball
2-1: Called Strike
2-2: Strikes out swinging
Batting: LHB Ernie Vavro 0-0: Called Strike
0-1: Foul Ball, location: 7LMF
0-2: Ground out U3 (Groundball, 34, EV 85.0 MPH)
Billy Weil to third
Juan Velasquez to second
Pinch Hitting: SHB Mikizo Kubo 0-0: Called Strike
0-1: Ball
1-1: DOUBLE (Line Drive, 78M, EV 109.4 MPH)
Billy Weil scores
Juan Velasquez scores
Batting: RHB John Gallegos 0-0: SINGLE (Line Drive, 8RS, EV 91.3 MPH)
Mikizo Kubo to third
Batting: SHB Roberto Lima 0-0: Ball
1-0: Foul Ball, location: 23FF
1-1: Ball
2-1: Fly out, F7 (Line Drive, 78D, EV 90.6 MPH)
Bottom of the 7th over - 3 runs, 3 hits, 0 errors, 2 left on base; Round Rock 3 - Colorado Springs 5
TOP OF THE 8TH
Round Rock Express batting - Pitching for Colorado Springs Sky Sox : RHP Justin Baines
Now at 1B: Marshall Iles
Now at 3B: Roberto Lima
Now in CF: Gil Lopez
Batting: LHB Jonathan Staib 0-0: Ball
1-0: Foul Ball, location: 2F
1-1: Ground out U3 (Groundball, 3S, EV 81.9 MPH)
Pinch Hitting: SHB Joe Larsen 0-0: Ball
1-0: Called Strike
1-1: Ball
2-1: Foul Ball, location: 23FF
2-2: Ball
3-2: Foul Ball, location: 7LMF
3-2: Fly out, F9 (Line Drive, 9, EV 90.6 MPH)
Batting: LHB Tyler Petry 0-0: Ball
1-0: Foul Ball, location: 9LMF
1-1: Ball
2-1: Ball
3-1: Foul Ball, location: 25F
3-2: Base on Balls
Batting: RHB Kevin Phillips 0-0: Fielders Choice at 2nd, 6-4 (Groundball, 6, EV 93.1 MPH)
Top of the 8th over - 0 runs, 0 hits, 0 errors, 1 left on base; Round Rock 3 - Colorado Springs 5
BOTTOM OF THE 8TH
Colorado Springs Sky Sox batting - Pitching for Round Rock Express : RHP Mike Spearman
Now in CF: Joe Larsen
Batting: LHB Ivan Cano 0-0: Called Strike
0-1: Ball
1-1: Swinging Strike
1-2: Strikes out swinging
Batting: LHB Sandy Amador 0-0: Called Strike
0-1: Ball
1-1: Foul Ball, location: 5SF
1-2: Ball
2-2: SOLO HOME RUN (Flyball, 9D, EV 100.0 MPH), Distance : 391 ft
Batting: RHB Billy Weil 0-0: Ball
1-0: Ball
2-0: Ball
3-0: Fly out, F1 (Popup, 15, EV 89.4 MPH)
Pitching: RHP Alex de la Rosa
Batting: SHB Juan Velasquez 0-0: Fly out, F7 (Flyball, 7LM, EV 96.3 MPH)
Bottom of the 8th over - 1 run, 1 hit, 0 errors, 0 left on base; Round Rock 3 - Colorado Springs 6
TOP OF THE 9TH
Round Rock Express batting - Pitching for Colorado Springs Sky Sox : RHP Justin Baines
Batting: LHB Marquis Newkirk 0-0: Swinging Strike
0-1: Foul Ball, location: 2F
0-2: Foul Ball, location: 5DF
0-2: Foul Ball, location: 2LF
0-2: Foul Ball, location: 5F
0-2: Ball
1-2: SINGLE (Groundball, 6MD, EV 93.8 MPH)
Batting: SHB Hugo Rodriguez 0-0: Called Strike
0-1: Ball
1-1: Ball
2-1: Foul Ball, location: 2F
2-2: Foul Ball, location: 2F
2-2: Ball
3-2: Base on Balls
Marquis Newkirk to second
Pinch Hitting: LHB Justin Marcus 0-0: Called Strike
0-1: Swinging Strike
0-2: Ball
1-2: Ball
2-2: Strikes out swinging
Batting: LHB Stephen Barton 0-0: Ball
1-0: Ground out 5-3 (Groundball, 56S, EV 63.1 MPH)
Marquis Newkirk to third
Hugo Rodriguez to second
Pinch Hitting: LHB Adam Eakin 0-0: Ball
1-0: Ball
2-0: Ball
3-0: Base on Balls
Batting: LHB Jonathan Staib 0-0: Called Strike
0-1: Fielders Choice at 2nd, U4 (Groundball, 4M, EV 80.6 MPH)
Top of the 9th over - 0 runs, 1 hit, 0 errors, 3 left on base; Round Rock 3 - Colorado Springs 6
Saturday, May 4th , 2024 - OOTP Baseball 24.11 Build 85